 Dungeon Crawl Stone Soup version 0.25-a0-306-g3faca94807 (webtiles) character file.

Game seed: 10691672967001045360, levelgen mode: deterministic

347 MoonlitKnight the Poker (level 6, -2/48 HPs)
             Began as a Merfolk Gladiator on Dec 21, 2019.
             Was a Follower of Ashenzari.
             Slain by a wraith (8 damage)
             ... in an ossuary.
             The game lasted 00:06:31 (3192 turns).

MoonlitKnight the Poker (Merfolk Gladiator)         Turns: 3192, Time: 00:06:33

Health: -2/48      AC:  7    Str: 15    XL:     6   Next: 59%
Magic:  6/6        EV: 14    Int:  7    God:    Ashenzari [*.....]
Gold:   110        SH:  0    Dex: 17    Spells: 5/5 levels left

rFire    . . .     SeeInvis .   a - +0 trident
rCold    . . .     Gourm    .   (no shield)
rNeg     . . .     Faith    .   v - +0 ring mail
rPois    +         Spirit   .   j - +1 helmet
rElec    .         Reflect  .   (no cloak)
rCorr    .         Harm     .   (no gloves)
MR       .....                  (no boots)
Stlth    +.........             (no amulet)
HPRegen  0.16/turn              o - ring of poison resistance
MPRegen  0.10/turn              (no ring)

@: slowed, very slow
A: change form in water, swift swim, stealthy swim
a: Curse Item, Scrying, Renounce Religion


You were in an ossuary.
You worshipped Ashenzari.
Ashenzari was aware of your devotion.
You were near starving.

You visited 1 branch of the dungeon, and saw 4 of its levels.
You also visited: Ossuary.

You collected 110 gold pieces.

Inventory:

Hand Weapons
 a - a +0 trident (weapon)
Missiles
 c - a javelin (quivered)
 d - 3 throwing nets
 i - 17 sling bullets
 u - 19 poisoned darts
Armour
 j - a +1 helmet (worn)
 v - a +0 ring mail (worn)
Jewellery
 o - a ring of poison resistance (left hand)
Scrolls
 b - a scroll of magic mapping {unknown}
 e - 4 scrolls of identify {unknown}
 l - 5 scrolls of teleportation {unknown}
 m - 2 scrolls of random uselessness {unknown}
 p - a scroll of fog {unknown}
 q - a scroll of immolation {unknown}
 r - 2 scrolls of remove curse
 x - a scroll of noise {unknown}
 y - a scroll of enchant weapon {unknown}
 A - a scroll of enchant armour {unknown}
 B - a scroll of amnesia {unknown}
Potions
 g - 2 potions of agility {unknown}
 h - a potion of heal wounds {unknown}
 k - 4 potions of berserk rage {unknown}
 n - a potion of brilliance {unknown}
 s - 2 potions of degeneration {unknown}
 t - a potion of lignification {unknown}
 w - 2 potions of mutation {unknown}
 z - a potion of flight {unknown}
Comestibles
 f - 5 rations


   Skills:
 + Level 4.1 Fighting
 * Level 7.9 Polearms
 - Level 2.0 Throwing
 + Level 5.8 Dodging


You had 5 spell levels left.
You didn't know any spells.
Your spell library was empty.

Dungeon Overview and Level Annotations

Branches:
Dungeon (4/15)            Ossuary (1/1)
 Temple: D:4-7

Altars:
Ashenzari
Fedhas
Hepliaklqana
Kikubaaqudgha
Qazlal
Trog
Xom
Zin


Message History

The wraith hits you. The wraith drains your vigour!
You feel as though you will be slow longer.
You hit the wraith.
The wraith is moderately damaged.
The wraith hits you but does no damage. The wraith closely misses you.
You puncture the wraith!
The wraith is heavily damaged.
The wraith hits you!
* * * LOW HITPOINT WARNING * * *
You hit the wraith but do no damage.
The wraith is heavily damaged.
The wraith barely misses you.
You barely miss the wraith.
The wraith is heavily damaged.
The wraith hits you!
* * * LOW HITPOINT WARNING * * *
The wraith drains your vigour!
You feel as though you will be slow longer.
The wraith hits you!
You die...

#..#.#..#.#..#.#..#.#..#.#..#
#.^#'#..#'#..#'#..#'#..#'#..#
#..#.#..#.#..#.#..#.#..#.#..#
#...........................#
#.............^.............#
#..####.....^###......####..#
#..#.'...8...#!#...8...'.#..#
#..####......#W#......####..#
#............#@#............#
#.................^.........#
#..####.####...^.####.####..#
#..#.'..#.'...8...'.#..'.#..#
#..####.####.....####.####..#
#........................^^.#
#............#.#............#
#..####......#'#......####..#
#..#.'...8...#.#...8...'.#..#


You could see a wraith.

Vanquished Creatures
  A hound (D:3)
  Natasha (D:2)
  An iguana (D:4)
  A killer bee zombie (D:3)
  3 mummies (Ossuary)
  Robin (D:2)
  A gnoll (D:2)
  9 adders
  An ooze (D:3)
  A worm (D:4)
  A dart slug (D:2)
  3 orcs (D:4)
  3 ball pythons
  8 bats
  6 giant cockroaches
  A gnoll zombie (Ossuary)
  14 goblins
  9 hobgoblins
  10 jackals
  7 kobolds
  2 quokkas (D:2)
  4 frilled lizards
  3 goblin zombies (Ossuary)
  4 hobgoblin zombies (Ossuary)
  4 kobold zombies (Ossuary)
  A quokka skeleton (D:4)
  3 rats
103 creatures vanquished.

Notes
Turn   | Place    | Note
-------+----------+-------------------------------------------
     0 | D:1      | MoonlitKnight the Merfolk Gladiator began the quest for the
                  | Orb.
     0 | D:1      | Reached XP level 1. HP: 16/16 MP: 1/1
   101 | D:1      | Reached XP level 2. HP: 20/23 MP: 2/2
   228 | D:1      | Reached skill level 5 in Polearms
   473 | D:1      | Reached XP level 3. HP: 26/28 MP: 3/3
   670 | D:2      | Found a blossoming altar of Fedhas.
   676 | D:2      | Found a hazy altar of Hepliaklqana.
   678 | D:2      | Found an ancient bone altar of Kikubaaqudgha.
   680 | D:2      | Found a shattered altar of Ashenzari.
   719 | D:2      | Became a worshipper of Ashenzari the Shackled
   761 | D:2      | Reached XP level 4. HP: 34/34 MP: 4/4
   886 | D:2      | Reached skill level 6 in Polearms
  1081 | D:2      | Noticed Robin
  1118 | D:2      | Killed Robin
  1118 | D:2      | Reached skill level 5 in Dodging
  1118 | D:2      | Reached XP level 5. HP: 38/41 MP: 5/5
  1234 | D:2      | Found a stormy altar of Qazlal.
  1430 | D:2      | Noticed Natasha
  1432 | D:2      | Killed Natasha
  1790 | D:3      | Reached skill level 7 in Polearms
  1873 | D:3      | Reached XP level 6. HP: 48/48 MP: 6/6
  1941 | D:3      | Reached * piety under Ashenzari
  2303 | D:3      | Found a bloodstained altar of Trog.
  2305 | D:3      | Found a bloodstained altar of Trog.
  2305 | D:3      | Found a glowing silver altar of Zin.
  2307 | D:3      | Found a bloodstained altar of Trog.
  2307 | D:3      | Found a bloodstained altar of Trog.
  2307 | D:3      | Found a shimmering altar of Xom.
  2658 | D:4      | Found a sand-covered staircase.
  2667 | Ossuary  | Entered an ossuary
  2667 | Ossuary  | Noticed a wraith
  2667 | Ossuary  | Noticed a wraith
  2667 | Ossuary  | Noticed a wraith
  3181 | Ossuary  | Noticed a wraith
  3192 | Ossuary  | Slain by a wraith

Levels and vault maps discovered:
D:1:      lordsloth_arrival_two_stooges, layout_basic
D:2:      layout_loops_corners, lemuel_round_altar, grunt_temple_overflow_open,
          cheibrodos_gnoll_hut, uniq_robin, uniq_natasha
D:3:      layout_loops_ring, doesnt_xom_only_xom
D:4:      layout_basic, serial_shops, shop, first_ration,
          chequers_ossuary_entry_cave, hangedman_feature_mirror
Ossuary:  ossuary_kennysheep_city_of_the_dead

Skill      XL: |  1  2  3  4  5  6 |
---------------+-------------------+-----
Polearms       | 5 6 7 |  7.9
Fighting       | 3 4 |  4.1
Dodging        | 5 |  5.8
Throwing       | |  2.0

Action                   |  1- 3 |  4- 6 || total
-------------------------+-------+-------++-------
Melee: Trident           |    70 |   272 ||   342
Throw: Javelin           |     2 |    11 ||    13
 Stab: Sleeping          |     2 |     4 ||     6
  Eat: Chunk             |       |     6 ||     6
Armor: Leather armour    |    17 |    41 ||    58
       Ring mail         |       |    12 ||    12
Dodge: Dodged            |    51 |   168 ||   219

Table legend:
 A = Non-vault XP
 B = Vault XP
 C = Vault XP percentage of total XP
 D = Non-vault monster count
 E = Vault monster count
 F = Vault count percentage of total count
                 A         B        C        D         E       F
            +---------+---------+-------+---------+---------+-------
      Total |     344 |     152 |  30.6 |      73 |      30 |  29.1
            +---------+---------+-------+---------+---------+-------
        D:1 |      36 |       0 |   0.0 |      19 |       0 |   0.0
        D:2 |     122 |      87 |  41.6 |      23 |      15 |  39.5
        D:3 |     122 |       0 |   0.0 |      23 |       0 |   0.0
        D:4 |      64 |       0 |   0.0 |       8 |       0 |   0.0
    Ossuary |       0 |      65 | 100.0 |       0 |      15 | 100.0
            +---------+---------+-------+---------+---------+-------
